 Dungeon Crawl Stone Soup version 0.28-a0-1506-g3893175d92 (webtiles) character file.

Game seed: 13614247277291398560

6384 goransb5 the Protected (level 10, 0/74 HPs)
             Began as a Minotaur Fighter on Jan 14, 2022.
             Was an Elder of Okawaru.
             Slain by Urug (7 damage)
             ... on level 10 of the Dungeon.
             The game lasted 00:58:46 (11889 turns).

goransb5 the Protected (Minotaur Fighter)          Turns: 11889, Time: 00:58:47

Health: 0/74       AC: 18    Str: 30    XL:     10   Next: 65%
Magic:  8/9        EV:  7    Int:  5    God:    Okawaru [****..]
Gold:   448        SH: 12    Dex: 17    Spells: 9/9 levels left

rFire   . . .      SeeInvis .   a - +4 spear (vorpal)
rCold   . . .      Faith    .   n - +0 kite shield
rNeg    . . .      Spirit   .   u - +0 plate armour
rPois   .          Reflect  .   (helmet restricted)
rElec   .          Harm     .   q - +1 cloak
rCorr   .          Rampage  .   (no gloves)
Will    .....                   s - +0 pair of boots
Stlth   ..........              (no amulet)
HPRegen 0.22/turn               e - +6 ring of dexterity
MPRegen 0.11/turn               m - +6 ring of strength

@: hasted, very quick
A: horns 2, retaliatory headbutt, frail 2, sense surroundings 1, wild magic 1
a: Renounce Religion, Heroism, Finesse


You were on level 10 of the Dungeon.
You worshipped Okawaru.
Okawaru was greatly pleased with you.
You visited 2 branches of the dungeon, and saw 11 of its levels.

You collected 448 gold pieces.

Inventory:

Hand Weapons
 a - a +4 vorpal spear (weapon)
 o - a +2 war axe of flaming
Missiles
 f - 7 poisoned darts (quivered)
 g - a throwing net
Armour
 c - +0 fire dragon scales
 n - a +0 kite shield (worn)
 q - a +1 cloak (worn)
 s - a +0 pair of boots (worn)
 u - a +0 plate armour (worn)
Jewellery
 e - a +6 ring of dexterity (left hand)
 m - a +6 ring of strength (right hand)
Wands
 b - a wand of flame (24)
 j - a wand of paralysis (3)
 l - a wand of iceblast (4)
 p - a wand of acid (8)
Scrolls
 h - 3 scrolls of teleportation
 i - a scroll of blinking
 k - 2 scrolls of fear
Potions
 d - a potion of might
 r - a potion of haste
 t - a potion of brilliance


   Skills:
 + Level 10.1 Fighting
 - Level 0.2(2.1) Short Blades
 - Level 3.9 Long Blades
 - Level 8.7(9.2) Axes
 + Level 4.1(7.0) Polearms
 + Level 10.4 Armour
 + Level 10.1 Shields
 + Level 0.0 Invocations


You had 9 spell levels left.
You didn't know any spells.
Your spell library contained the following spells:

 Spells                   Type           Power      Damage    Failure   Level
 Apportation              Tloc           0%         N/A       100%        1
 Corpse Rot               Necr/Air       0%         N/A       100%        2
 Poisonous Vapours        Pois/Air       0%         N/A       100%        2
 Static Discharge         Conj/Air       0%         N/A       100%        2
 Inner Flame              Hex/Fire       0%         N/A       100%        3
 Cause Fear               Hex            0%         N/A       100%        4
 Dispel Undead            Necr           0%         3d6       100%        4
 Sticky Flame             Conj/Fire      0%         2d3       100%        4
 Borgnjor's Vile Clutch   Necr/Erth      0%         N/A       100%        5
 Discord                  Hex            0%         N/A       100%        8
 Animate Skeleton         Necr           Unusable   N/A       N/A         1
 Summon Small Mammal      Summ           Unusable   N/A       N/A         1
 Animate Dead             Necr           Unusable   N/A       N/A         4
 Death Channel            Necr           Unusable   N/A       N/A         6

Dungeon Overview and Level Annotations

Branches:
Dungeon (10/15)            Temple (1/1) D:7
   Lair: D:8-11         Orc: D:9-12

Altars:
Ashenzari
Dithmenos
Elyvilon
Fedhas
Gozag
Hepliaklqana
Kikubaaqudgha
Makhleb
Nemelex Xobeh
Okawaru
Qazlal
Ru
Trog
Uskayaw
Wu Jian
Xom
Yredelemnul
Zin
The Shining One

Shops:
D:5 :

Annotations:
D:3 3 runed translucent doors, confidenceinterval's ghost, weakling MfSu
D:7 2 transporters, paps's ghost, novice OpFi
D:10 Urug


Innate Abilities, Weirdness & Mutations

You have a pair of horns on your head.
You reflexively headbutt those who attack you in melee.
You are very frail. (-20% HP)
You passively map a small area around you.
Your spells are a little harder to cast, but a little more powerful.


Message History

You completely miss Urug.
Urug is lightly wounded.
You hit Urug but do no damage. You headbutt Urug, but do no damage.
Urug is lightly wounded.
You block Urug's attack.
You hit Urug but do no damage.
Urug is lightly wounded.
You hit Urug.
Urug is lightly wounded.
Urug hits you with a +7 demon trident.
You hit Urug. Your headbutt misses Urug.
Urug is lightly wounded.
Urug screams, "Revenge!"
Urug closely misses you. You furiously retaliate!
You headbutt Urug! You hit Urug. Your headbutt misses Urug.
Urug is moderately wounded.
You barely miss Urug. Your headbutt misses Urug.
Urug is moderately wounded.
Urug hits you with a +7 demon trident!
You puncture Urug!
Urug is heavily wounded.
You feel yourself speed up.
You feel like a meek peon again. Urug closely misses you.
You furiously retaliate!
You headbutt Urug! You closely miss Urug.
Urug is severely wounded.
Urug completely misses you. You furiously retaliate!
You headbutt Urug, but do no damage. You closely miss Urug.
You headbutt Urug, but do no damage.
Urug is severely wounded.
You hit Urug but do no damage. You headbutt Urug!
Urug is severely wounded.
Urug hits you with a +7 demon trident!
* * * LOW HITPOINT WARNING * * *
You hit Urug. You headbutt Urug, but do no damage.
Urug is almost dead.
You closely miss Urug.
Urug is almost dead.
Urug hits you with a +7 demon trident!
You die...

#.... ,, * #... , ,
* * #... #... , , ,
#..#* , #..# ..
#.o#######.. ,
#.@.........
#...........# ,
#...........#,
#...........######
#.................
#..................
#....###...........
#....# #...........
#....# #....###....


You could see Urug.

Vanquished Creatures
  Pikel (D:8)
  Joseph (D:8)
  A troll (D:9)
  A hornet (D:9)
  3 wyverns
  6 yaks (D:9)
  Grum (D:8)
  2 steam dragons (D:8)
  3 water moccasins
  4 orc warriors
  3 sky beasts
  An ogre (D:5)
  A necrophage (D:8)
  2 centaurs
  4 wolves (D:8)
  A phantom (D:3)
  A bullfrog (D:8)
  3 gnoll sergeants (D:9)
  A scorpion (D:4)
  A water moccasin skeleton (D:5)
  4 killer bees (D:9)
  8 wights
  A howler monkey (D:7)
  3 bullfrog zombies
  A centaur zombie (D:8)
  3 hounds
  A gnoll shaman (D:7)
  A bullfrog skeleton (D:6)
  3 orc priests
  2 iguanas
  Natasha (thrice) (D:4)
  6 orc wizards
  A hound skeleton (D:4)
  A howler monkey zombie (D:8)
  15 gnolls
  3 adders
  A howler monkey skeleton (D:7)
  3 white imps
  An ufetubus (D:5)
  2 worms (D:4)
  27 orcs
  4 ball pythons
  5 endoplasms
  A giant cockroach (D:1)
  7 goblins
  5 hobgoblins
  4 jackals (D:1)
  4 kobolds
  3 quokkas
  4 bats
  2 frilled lizards
  6 rats
176 creatures vanquished.

Vanquished Creatures (others)
  4 fungi
  A plant (D:3)
5 creatures vanquished.

Grand Total: 181 creatures vanquished

Notes
Turn   | Place    | Note
-------+----------+-------------------------------------------
     0 | D:1      | goransb5 the Minotaur Fighter began the quest for the Orb.
     0 | D:1      | Reached XP level 1. HP: 19/19 MP: 0/0
    87 | D:1      | Found a faded altar of an unknown god.
   183 | D:1      | Reached XP level 2. HP: 19/27 MP: 1/1
  1005 | D:2      | Reached XP level 3. HP: 32/33 MP: 2/2
  1440 | D:3      | Reached XP level 4. HP: 40/40 MP: 3/3
  1977 | D:3      | Found an opulent altar of Gozag.
  2246 | D:3      | Found a runed translucent gate.
  2247 | D:3      | Noticed a kobold brigand
  2249 | D:3      | Found a runed translucent gate.
  2249 | D:3      | Found a runed translucent gate.
  2249 | D:3      | Noticed confidenceinterval's ghost (weakling MfSu)
  2714 | D:4      | Noticed a phantom
  2721 | D:4      | Noticed Natasha
  2726 | D:4      | Killed Natasha
  2727 | D:4      | Reached skill level 1 in Axes
  2727 | D:4      | Reached skill level 5 in Armour
  2727 | D:4      | Reached XP level 5. HP: 34/47 MP: 4/4
  2805 | D:4      | Noticed Natasha
  2812 | D:4      | Killed Natasha
  2819 | D:4      | Noticed Natasha
  2830 | D:3      | Killed a phantom
  2883 | D:4      | Killed Natasha
  2884 | D:4      | Reached XP level 6. HP: 53/53 MP: 5/5
  3176 | D:4      | Found a stormy altar of Qazlal.
  3569 | D:5      | Entered Level 5 of the Dungeon
  3581 | D:4      | Reached skill level 5 in Fighting
  3581 | D:4      | Reached skill level 5 in Shields
  3871 | D:5      | Reached XP level 7. HP: 57/61 MP: 6/6
  4404 | D:5      | Found Hujenida's Book Shop.
  5547 | D:6      | Reached XP level 8. HP: 53/70 MP: 7/7
  5668 | D:6      | Reached skill level 5 in Axes
  5933 | D:6      | Found a white marble altar of Elyvilon.
  6443 | D:7      | Found a staircase to the Ecumenical Temple.
  6462 | Temple   | Entered the Ecumenical Temple
  6534 | Temple   | Became a worshipper of Warmaster Okawaru
  6974 | D:7      | Found a transporter.
  7013 | D:7      | Found a transporter.
  7017 | D:7      | Noticed a hell hog
  7134 | D:7      | Reached * piety under Okawaru
  7297 | D:7      | Reached XP level 9. HP: 73/80 MP: 8/8
  7380 | D:7      | Found a sparkling altar of Nemelex Xobeh.
  7552 | D:7      | Gained mutation: You are frail. (-10% HP) [potion of
                  | mutation]
  7552 | D:7      | Gained mutation: You are very frail. (-20% HP) [potion of
                  | mutation]
  7552 | D:7      | Gained mutation: You passively map a small area around you.
                  | [potion of mutation]
  7552 | D:7      | Gained mutation: Your spells are a little harder to cast,
                  | but a little more powerful. [potion of mutation]
  7704 | D:7      | Noticed paps's ghost (novice OpFi)
  7856 | D:8      | Noticed Grum
  7858 | D:8      | Noticed Pikel
  7862 | D:8      | Killed Grum
  8027 | D:8      | Killed Pikel
  8027 | D:8      | Reached ** piety under Okawaru
  8272 | D:8      | Noticed Joseph
  8290 | D:8      | Killed Joseph
  8858 | D:8      | Found a broken altar of Ashenzari.
  8877 | D:8      | Reached *** piety under Okawaru
  8878 | D:8      | Reached XP level 10. HP: 54/72 MP: 9/9
 10347 | D:9      | Reached skill level 1 in Polearms
 10347 | D:9      | Reached skill level 10 in Armour
 10641 | D:9      | Paralysed by a hornet for 3 turns
 10875 | D:9      | Reached **** piety under Okawaru
 10888 | D:9      | Reached skill level 10 in Fighting
 10892 | D:9      | Reached skill level 10 in Shields
 11813 | D:10     | Entered Level 10 of the Dungeon
 11868 | D:10     | Noticed Urug
 11889 | D:10     | Slain by Urug

Illustrated notes

Levels and vault maps discovered:
D:1:      lemuel_arrival_cross, layout_loops_ring,
          chequers_ecumenical_altar_simple, minmay_tromino_v2
D:2:      minmay_evil_eye, layout_rooms
D:3:      layout_basic, grunt_gozag_statues, marbit_many_paths,
          gammafunk_ghost_nasty_kobolds
D:4:      layout_cave_pools, grunt_qazlal_sundering, uniq_natasha
D:5:      layout_loops_cross, serial_shops, shop, grunt_ministairs_10
D:6:      layout_basic, elyvilon_altar_1
D:7:      layout_basic, mainiacjoe_overflow_boulevard,
          minmay_temple_entry_antechambers, gammafunk_ghost_abyssal_escape,
          minmay_alternating_orb
D:8:      layout_basic, evilmike_ruin_ashenzari, minmay_misc_feat_doors,
          uniq_grum, uniq_pikel, uniq_joseph
D:9:      layout_loops_corners
D:10:     layout_stronghold, mainiacjoe_overflow_24_doors,
          nicolae_sif_muna_little_library, uniq_harold, uniq_urug,
          uniq_josephine
Temple:   eino_temple_lava

Skill      XL: |  1  2  3  4  5  6  7  8  9 10 |
---------------+-------------------------------+-----
Armour         | 4 5 6 8 9 10 | 10.4
Fighting       | 4 5 6 7 9 10 | 10.1
Long Blades    | 3 |  3.9
Shields        | 4 5 6 7 9 10 | 10.1
Axes           | 1 2 3 4 6 8 |  8.7
Polearms       | 4 |  4.1
Short Blades   | |  0.2

Action                   |  1- 3 |  4- 6 |  7- 9 | 10-12 || total
-------------------------+-------+-------+-------+-------++-------
Melee: Long sword        |    80 |    23 |       |       ||   103
       Headbutt          |     8 |    15 |    48 |    32 ||   103
       War axe           |       |    64 |   199 |    37 ||   300
       Short sword       |       |     7 |       |       ||     7
       Spear             |       |       |       |   105 ||   105
Invok: Heroism           |       |       |     3 |     9 ||    12
  Use: Scroll            |       |     9 |     5 |     3 ||    17
       Potion            |       |     2 |     5 |     1 ||     8
Armor: Scale mail        |    53 |    38 |    94 |    35 ||   220
       Plate armour      |       |       |       |    15 ||    15
Dodge: Dodged            |    45 |    35 |    76 |    60 ||   216
Block: Buckler           |    15 |    22 |    82 |    62 ||   181
       Kite shield       |       |       |       |     1 ||     1

Table legend: (Time is in decaauts)
 A = Elapsed time spent in this place.
 B = Non-inter-level travel time spent in this place.
 C = Inter-level travel time spent in this place.
 D = Time resting spent in this place.
 E = Time spent auto-exploring this place.
 F = Levels seen in this place.
 G = Mean time per level.
                   A        B        C        D        E       F      G
               +--------+--------+--------+--------+--------+-----+--------+
         Total |  11952 |  11856 |     96 |   3103 |   1217 |  11 | 1086.5 |
       Dungeon |  11869 |  11773 |     96 |   3103 |   1217 |  10 | 1186.9 |
        Temple |     82 |     82 |      0 |      0 |      0 |   1 |   82.0 |
               +--------+--------+--------+--------+--------+-----+--------+

Top non-repeatable levels by time:
     D:9: 2020 daAuts
     D:8: 1920 daAuts
     D:7: 1642 daAuts
     D:3: 1579 daAuts
     D:6: 1243 daAuts
     D:5: 1160 daAuts
     D:4: 1061 daAuts
     D:1: 922 daAuts
     D:2: 248 daAuts
  Temple: 82 daAuts
    D:10: 69 daAuts
